[Event "Portuguese Team Blitz-ch 2022"]
[Site "Viseu"]
[Date "2022.06.12"]
[Round "4.6"]
[White "Ribeiro, Gustavo"]
[Black "Fidalgo, Andre Neves"]
[Result "1-0"]
[ECO "A16"]
[WhiteElo "1867"]
[BlackElo "2261"]
[Annotator "TA"]
[PlyCount "48"]
[EventDate "2022.06.12"]
[EventType "team-tourn"]
[EventCountry "POR"]
[SourceTitle "playchess.com"]
[Source "ChessBase"]
[SourceQuality "1"]
[TimeControl "180+2"]

1. c4 Nf6 2. Nc3 d5 3. cxd5 Nxd5 4. g3 g6 5. Bg2 Nxc3 6. bxc3 Bg7 7. d4 O-O 8. Nf3 c5 9. O-O Qa5 {[%emt 0:00:01] D75: Fianchetto Grünfeld: Main Line with 7...c5.} 10. Bd2 Qa6 11. e3 Nc6 {[%emt 0:00:03] The position is equal.} 12. Re1 {[%emt 0:00:01] [#]} Na5 $146 ({Predecessor:} 12... Be6 13. Ng5 Bc4 14. Ne4 b6 15. dxc5 Rad8 16. cxb6 axb6 17. Qc2 Ne5 18. a4 Rd7 19. Bc1 {½-½ (34) Barrientos Chavarriaga,S (2457)-Kobo,O (2460) Chess.com INT 2020}) 13. Bf1 ({Of course not} 13. dxc5 Bg4 $15) 13... Qc6 14. Rb1 b6 15. Bg2 {[%emt 0:00:11] [#] And now Nh4 would win.} Bb7 16. Qe2 Rfd8 17. c4 {[%emt 0:00:14] aiming for Bxa5.} cxd4 $2 {[%emt 0:00:10] This move loses the game for Black.} (17... Qa4 $11 {and Black has nothing to worry.}) 18. Bxa5 $18 d3 (18... bxa5 $2 19. Nh4 Qc5 20. exd4 Bxd4 21. Bxb7 $18) 19. Qd2 Qxc4 (19... bxa5 $2 20. Nh4 Qxc4 21. Rec1 $18 (21. Bxb7 Bc3 $18) (21. Rxb7 Rac8 $11)) 20. Rec1 Qa6 (20... Qg4 {was necessary.}) 21. Bc3 Bf8 22. Ne1 Bxg2 23. Nxg2 Rac8 24. Nf4 Bg7 {Weighted Error Value: White=0.10 (very precise) /Black=0.32} (24... Bh6 $142 25. Bd4 Bxf4) 1-0

[Event "Portuguese Team Blitz-ch 2022"]
[Site "Viseu"]
[Date "2022.06.12"]
[Round "4.7"]
[White "Ferreira, Luis Pedro"]
[Black "Carvalho, Vitor Hugo Pina Soar"]
[Result "0-1"]
[ECO "C28"]
[WhiteElo "2183"]
[BlackElo "1818"]
[Annotator "TA"]
[PlyCount "81"]
[EventDate "2022.06.12"]
[EventType "team-tourn"]
[EventCountry "POR"]
[SourceTitle "playchess.com"]
[Source "ChessBase"]
[SourceQuality "1"]
[TimeControl "180+2"]

1. e4 e5 2. Nc3 Nc6 3. Bc4 Nf6 4. d3 Bc5 5. Bg5 h6 6. Bh4 g5 (6... Na5 $11) 7. Bg3 $14 {C28: Vienna Game: 2...Nf6 3 Bc4 Nc6.} d6 8. Na4 (8. h4 $5 ) 8... Bb6 9. Nxb6 {[%emt 0:00:04] White has an edge.} axb6 10. c3 {[%emt 0:00:01] [#]} Na5 $146 ({Predecessor:} 10... Ne7 11. h4 gxh4 12. Bxh4 Ng6 13. Qb3 Qe7 14. Nf3 Bg4 15. O-O-O Nxh4 16. Rxh4 c6 {1-0 (49) Triay Moll,L (2224)-Fortuny,M (2113) ICCF email 2006}) 11. Bb5+ Bd7 12. Bxd7+ Qxd7 13. Ne2 Nc6 14. f3 Nh5 15. d4 Nxg3 16. Nxg3 O-O-O ({Black should play} 16... d5 $11) 17. Qa4 (17. d5 $14 Ne7 18. Qb3) 17... Kb8 18. O-O-O (18. d5 $5 Ne7 19. Qxd7 Rxd7 20. Kf2 $11) 18... Ne7 {[%emt 0:00:02] White now steadily converts the win.} (18... exd4 $11 {remains equal.} 19. cxd4 d5) 19. Qxd7 $16 Rxd7 20. dxe5 Rhd8 (20... d5 $16 {was worth a try.} 21. h4 gxh4) 21. exd6 $18 Rxd6 22. Rxd6 Rxd6 23. Rd1 Rxd1+ 24. Kxd1 {[%emt 0:00:02][%mdl 4096] Endgame KN-KN} Ng6 (24... Kc8 {was called for.} 25. a4 Kd8) 25. Nf5 Nf4 $2 {[%emt 0:00:03] [#]} (25... h5 {is a better chance.} 26. Ke2 Kc8) 26. Nxh6 Nxg2 27. Nxf7 g4 28. fxg4 Ne3+ 29. Ke2 Nxg4 30. h4 Kc8 31. Kf3 Nf6 32. e5 Nh7 33. Ng5 Nf8 34. Kg4 Kd7 {[%emt 0:00:01] Against e6+} 35. Kf5 Ke7 36. e6 {[%emt 0:00:06] [#] Intending h5 and mate.} b5 37. h5 c5 38. h6 b4 39. cxb4 cxb4 40. h7 (40. b3 $142 Kd8 41. Kf6 Ke8 42. e7 Nd7+ 43. Ke6 Nf8+ 44. exf8=Q+ Kxf8 45. Kf6) 40... Nxh7 41. Nxh7 {[%emt 0:00:01][%mdl 32768] Weighted Error Value: White=0.12 (very precise) /Black=0.57. Loss on time!?} 0-1

[Event "Portuguese Team Blitz-ch 2022"]
[Site "Viseu"]
[Date "2022.06.12"]
[Round "4.8"]
[White "Brosa Alvarez, Ricardo"]
[Black "Leao, Tiago Miguel Da Silv"]
[Result "0-1"]
[ECO "B50"]
[WhiteElo "2113"]
[BlackElo "2157"]
[Annotator "TA"]
[PlyCount "150"]
[EventDate "2022.06.12"]
[EventType "team-tourn"]
[EventCountry "POR"]
[SourceTitle "playchess.com"]
[Source "ChessBase"]
[SourceQuality "1"]
[TimeControl "180+2"]

1. e4 c5 2. Nf3 d6 3. c3 e6 4. d4 cxd4 5. cxd4 Be7 6. Nc3 Nf6 7. Be2 ({Better is} 7. Bd3 $16) 7... O-O {B22: Sicilian: 2 c3.} 8. O-O b6 9. h3 Bb7 {[#] White is slightly better.} 10. e5 $146 (10. d5 $14) ({Predecessor:} 10. Bd3 Nbd7 11. Be3 a6 12. Qc2 e5 13. dxe5 Nxe5 14. Nxe5 dxe5 15. Rfd1 Qb8 16. Bxb6 {1-0 (40) Erdenieva,O (1806)-Zhukov,P Tomsk 2013}) 10... Ne4 11. Nxe4 Bxe4 12. Be3 Nc6 13. Rc1 Rc8 14. Nd2 (14. Qa4 $11) 14... Bd5 $15 15. f4 (15. exd6 $15 Bxd6 16. Qa4) 15... f5 (15... dxe5 $17 16. dxe5 Bxa2) 16. a3 $11 dxe5 17. dxe5 Bh4 (17... Bc5 $11 18. Bxc5 bxc5) 18. Bf3 (18. Kh2 $16) 18... Ne7 19. Bf2 (19. Qa4 $14) 19... Bxf2+ 20. Rxf2 Bxf3 21. Nxf3 Qxd1+ 22. Rxd1 Nd5 (22... Rfd8 $11 {remains equal.} 23. Rxd8+ Rxd8) 23. Nd4 $1 $16 Kf7 {[#]} 24. Rc2 $2 (24. Nxf5 $1 $16 {[%mdl 512] stays on course.} Rc6 (24... Rc5 25. Nd6+) 25. Nd4) 24... Rxc2 $17 25. Nxc2 {[%mdl 4096] Endgame KRN-KRN} Rc8 26. Nd4 (26. Ne1 $15) 26... Nxf4 $19 27. Rd2 Rd8 {[%cal Od8d4] Strongly threatening ...Rxd4!} 28. Kf2 Rc8 $2 (28... Ng6 $19 29. Ke3 Nxe5) 29. Kg3 $2 (29. Kg1 $1 $11) 29... Nd5 $2 ({Black should play} 29... g5 $19 {...Rd8 is the strong threat.} 30. Nb5 Rc5 31. Nxa7 Rxe5) 30. Nxf5 $1 $11 exf5 31. Rxd5 {KR-KR} Ke6 {Prevents Rd7.} (31... Ke7 $5 ) 32. Rd2 (32. Rd6+ $1 $11 Kxe5 33. Rd7) 32... Kxe5 (32... g5 $17 33. h4 gxh4+ 34. Kxh4 Kxe5) 33. Re2+ (33. Rd7 $11 {keeps the balance.}) 33... Kf6 $17 34. Rd2 Re8 35. Rd7 Re7 36. Rd6+ Ke5 37. Rd2 Kf6 38. Rd6+ $1 Ke5 39. Rd2 Ke6 40. Re2+ Kf6 41. Rd2 Rc7 42. Kf4 g5+ 43. Kg3 Ke6 44. h4 gxh4+ 45. Kxh4 Rc4+ 46. Kg5 $2 (46. Kh3 $17 {was worth a try.}) 46... Rg4+ $19 47. Kh6 Rh4+ (47... a5 $19 {has better winning chances.} 48. Kxh7 b5) 48. Kg5 $17 Rh2 (48... Re4 $17) 49. Re2+ $11 Kd5 50. Kxf5 Kc4 51. Kf4 Kb3 52. Kg3 {[#]} (52. Ke5 $1 $11) 52... Rh6 (52... Rh1 $1 $17) 53. Kg4 (53. Kf3 $1 $11) 53... Rc6 (53... Rh1 $17 {aiming for ...Rb1.} 54. Kf5 Rf1+ 55. Ke5 h5) 54. Re7 $2 (54. Kh5 $11) 54... Rg6+ $2 ({Black should try} 54... a5 $19 55. Rxh7 Kxb2) 55. Kf3 $1 Rf6+ 56. Kg3 (56. Ke4 $11) 56... a5 (56... a6 $1 $15 57. Rxh7 Kxb2) 57. Rxh7 Kxb2 58. a4 Rg6+ 59. Kf3 Rf6+ 60. Kg3 Kb3 61. Rh4 Rc6 62. Kf3 Rc3+ 63. Kf4 $2 (63. Ke2 $11) 63... Rc4+ 64. Kg5 Rxa4 ({Not} 64... Rxh4 65. Kxh4 Kxa4 66. g4 $17) 65. Rxa4 (65. g4 $19 b5 66. Rh3+ Kb2 67. Rh2+ Kc3 68. Rh3+ Kd4 69. Kh6) 65... Kxa4 $19 {KPP-KP} 66. Kf6 b5 $2 (66... Kb4 {mates} 67. g4 a4 68. g5 a3 69. Kg7 a2 70. g6 a1=Q+ 71. Kf7 Kc5 72. g7 Qa2+ 73. Kf8 Kd6 74. g8=Q Qxg8+ 75. Kxg8 b5 76. Kg7 b4 77. Kh7 Ke5 78. Kh6 b3 79. Kh5 b2 80. Kh4 b1=Q 81. Kg3 Qd3+ 82. Kf2 Kf4 83. Ke1 Qc2 84. Kf1 Kf3 85. Kg1 Qg2#) 67. g4 b4 68. g5 b3 69. g6 b2 70. g7 b1=Q {( -> ...Qb3)} 71. g8=Q Qf1+ 72. Ke5 {[%emt 0:00:01] [#]} Qb5+ $2 (72... Qa1+ $1 $17 73. Kf5 Qf1+ 74. Ke4 Qb1+ 75. Kf4 Ka3) 73. Kf4 $2 (73. Kd4 $1 $11 {and White is okay.}) 73... Kb4 (73... Qd3 $19 {And now ...Kb4 would win.} 74. Qa2+ Kb4 75. Qb2+ Qb3 76. Qd2+ Qc3 77. Qd6+ Kb3 78. Qd1+ Kb2 79. Qe2+ Kc1) 74. Qa2 $2 (74. Ke3 $15) 74... Qc4+ 75. Qxc4+ Kxc4 {[%emt 0:00:01] Weighted Error Value: White=0.51/Black=0.51} 0-1

[Event "Portuguese Team Blitz-ch 2022"]
[Site "Viseu"]
[Date "2022.06.12"]
[Round "5.1"]
[White "Veiga, Jose Francisco R P N"]
[Black "Pereira, Ruben"]
[Result "1-0"]
[ECO "B52"]
[WhiteElo "2377"]
[BlackElo "2436"]
[Annotator "TA"]
[PlyCount "54"]
[EventDate "2022.06.12"]
[EventType "team-tourn"]
[EventCountry "POR"]
[SourceTitle "playchess.com"]
[Source "ChessBase"]
[SourceQuality "1"]
[TimeControl "180+2"]

1. e4 c5 2. Nf3 d6 3. Bb5+ Bd7 4. Bxd7+ Qxd7 5. c4 Nc6 6. Nc3 Nf6 7. d4 cxd4 8. Nxd4 g6 9. f3 Bg7 10. Be3 O-O 11. b3 Rac8 12. O-O Rfd8 13. Qd2 e6 {[%emt 0:00:07] B52: Sicilian: Moscow Variation with 3...Bd7.} 14. Rfd1 d5 $1 15. exd5 exd5 {[%emt 0:00:01] The position is equal.} 16. c5 b6 17. cxb6 axb6 {[%emt 0:00:02] [#]} 18. Rac1 $146 {[%emt 0:00:08] Threatens to win with Na4.} ({Predecessor:} 18. Nxc6 Rxc6 19. Bd4 Qf5 20. Rac1 h5 21. Na4 Rxc1 22. Rxc1 b5 23. Nc3 Rb8 24. Bxf6 Bxf6 25. Nxd5 Bg5 26. f4 Rd8 27. Rc5 Bf6 28. Nxf6+ {½-½ (28) Koegler,K-Sliva,J ICCF corr 1990}) 18... Nxd4 19. Bxd4 Rc6 20. a4 Rdc8 (20... Nh5 $14) 21. Bxf6 $16 {[%emt 0:00:18] White is more active. White is clearly better.} Bxf6 22. Nxd5 Qe6 (22... Bd4+ $2 23. Qxd4 Qd8 24. Nf6+ $1 Qxf6 25. Qxf6 Rxf6 26. Rxc8+ $18) 23. Rxc6 Rxc6 24. Nxf6+ Qxf6 {[%emt 0:00:01] [#]} 25. Qd8+ $1 Kg7 26. Qxf6+ Kxf6 27. Rd7 Rc4 $2 {[%mdl 8192] Weighted Error Value: White=0.04 (flawless) /Black=0.15 (very precise)} (27... h5 $16 28. Rb7 h4) 1-0

[Event "Portuguese Team Blitz-ch 2022"]
[Site "Viseu"]
[Date "2022.06.12"]
[Round "5.2"]
[White "Fidalgo, Andre Neves"]
[Black "Martins, Bruno Andre Leite"]
[Result "0-1"]
[ECO "A04"]
[WhiteElo "2261"]
[BlackElo "2327"]
[Annotator "TA"]
[PlyCount "54"]
[EventDate "2022.06.12"]
[EventType "team-tourn"]
[EventCountry "POR"]
[SourceTitle "playchess.com"]
[Source "ChessBase"]
[SourceQuality "1"]
[TimeControl "180+2"]

1. Nf3 c5 2. g3 Nc6 3. Bg2 d5 4. O-O e5 5. d3 g6 6. Nbd2 Bg7 7. c3 Nf6 8. e4 O-O 9. Re1 Re8 10. a4 h6 11. exd5 Nxd5 12. Nc4 {[#]} Kh7 $146 {A08: King's Indian Attack.} ({Predecessor:} 12... Nb6 13. Nxb6 axb6 14. Be3 Bf5 15. Bf1 Qd5 16. Nh4 Be6 17. Bg2 Qd7 18. Ra3 g5 19. Nf3 Rad8 20. Nd2 Qxd3 {0-1 (50) Mihok,O (2550)-Banusz,T (2607) Ajka 2018}) 13. Ne3 {[#] Nxd5 is the strong threat.} Be6 14. Nxd5 Bxd5 {Black is slightly better.} 15. Be3 Bf8 16. Qc2 Qd7 17. Rad1 Rad8 18. Nd2 Be6 $2 {Black is more active.} (18... f5 $15 {stays ahead.}) 19. Ne4 $16 {Strongly threatening Nf6+.} Be7 {Inhibits Nf6+.} 20. Nxc5 Bxc5 21. Bxc5 Na5 {[#]} 22. c4 $1 ({But not} 22. Bxa7 $6 Bb3 23. Qe2 Bxd1 24. Qxd1 Qxd3 25. Qxd3 Rxd3 $11) 22... b6 23. Be3 Nc6 24. Qc3 Bg4 25. Rd2 (25. Rc1 $16) 25... Nd4 $11 26. Qb4 $2 (26. Bxd4 $11 exd4 27. Qc1) 26... Nf3+ $19 27. Bxf3 Bxf3 {Weighted Error Value: White=0.81/Black=0.26 (precise)} 0-1

[Event "Portuguese Team Blitz-ch 2022"]
[Site "Viseu"]
[Date "2022.06.12"]
[Round "5.3"]
[White "Rego, Pedro Filipe"]
[Black "Ferreira, Luis Pedro"]
[Result "1-0"]
[ECO "A45"]
[WhiteElo "2251"]
[BlackElo "2183"]
[Annotator "TA"]
[PlyCount "41"]
[EventDate "2022.06.12"]
[EventType "team-tourn"]
[EventCountry "POR"]
[SourceTitle "playchess.com"]
[Source "ChessBase"]
[SourceQuality "1"]
[TimeControl "180+2"]

1. d4 Nf6 2. Bf4 e6 3. e3 c5 4. c3 Nc6 5. Nd2 d5 6. Ngf3 Bd6 7. Bg3 O-O 8. Bd3 Re8 9. Ne5 Qc7 10. f4 {[%emt 0:00:01][%cal Bf2f4,Bf4e5][%mdl 32] D02: 1 d4 d5 2 Nf3 sidelines, including 2...Nf6 3 g3 and 2...Nf6 3 Bf4.} Nd7 $2 {[%emt 0:00:20] [#]} (10... b6 $11 {and Black stays safe.}) 11. Bxh7+ $1 $18 Kf8 12. Bd3 {[%emt 0:00:07] Hoping for Qh5. White has a decisive advantage.} f5 13. Bh4 Nf6 {[%emt 0:00:18] [#]} 14. Ndf3 $146 ({Predecessor:} 14. h3 c4 15. Bc2 Bxe5 16. fxe5 Ne4 17. Nxe4 dxe4 18. Qh5 Qf7 19. Qh8+ Qg8 20. Qxg8+ Kxg8 {½-½ (30) Chen,A (1646)-Ali,H (1936) Calgary 2017}) 14... Bxe5 15. fxe5 ({But not} 15. dxe5 Ng4 16. Qd2 c4 $18) ({Don't do} 15. Nxe5 $6 Nxe5 16. fxe5 (16. dxe5 Ne4 $16) 16... Ne4 $16) 15... Ne4 16. Bxe4 dxe4 17. Ng5 {[%emt 0:00:03] [#] Strongly threatening 0-0.} Ne7 $2 (17... g6 $18 18. O-O Kg8) 18. Qh5 {[%emt 0:00:01][%csl Gg5][%cal Rh5f7] White mates.} Ng6 19. Qxg6 cxd4 20. Nh7+ Kg8 21. Nf6+ {[%emt 0:00:01] Black got outplayed after the opening.  Weighted Error Value: White=0.15 (very precise) /Black=0.97} 1-0

[Event "Portuguese Team Blitz-ch 2022"]
[Site "Viseu"]
[Date "2022.06.12"]
[Round "5.4"]
[White "Leao, Tiago Miguel Da Silv"]
[Black "Silva, Miguel Antonio Neto"]
[Result "0-1"]
[ECO "A45"]
[WhiteElo "2157"]
[BlackElo "2215"]
[Annotator "TA"]
[PlyCount "88"]
[EventDate "2022.06.12"]
[EventType "team-tourn"]
[EventCountry "POR"]
[SourceTitle "playchess.com"]
[Source "ChessBase"]
[SourceQuality "1"]
[TimeControl "180+2"]

1. d4 Nf6 2. Bf4 d5 3. e3 c5 4. c3 Nc6 5. Bd3 Qb6 6. Qc1 {D00: 1 d4 d5: Unusual lines.} c4 (6... cxd4 $15 7. cxd4 Nb4) 7. Bc2 $11 Nh5 8. Bg3 {[#] White has an edge.} g6 $146 ({Predecessor:} 8... Bg4 9. Nd2 Nxg3 10. hxg3 e5 11. Ngf3 e4 12. Ng1 Bd6 13. b3 cxb3 14. axb3 f5 {1-0 (45) Keller,J (1839)-Ruff,R (1827) Stuttgart 2010}) 9. Nd2 Bg7 10. Ngf3 Bg4 11. O-O Nxg3 12. hxg3 O-O 13. Nh2 (13. e4 $5 ) 13... Bf5 14. g4 (14. Bxf5 $14 gxf5 15. b3) 14... Bxc2 15. Qxc2 e5 16. dxe5 Nxe5 17. Ndf3 Nd3 18. Rab1 Qc7 {Black is much more active.} 19. Rfd1 Rad8 20. Nd4 a6 21. Nhf3 Rfe8 22. g5 Qc8 23. Rxd3 cxd3 24. Qxd3 Qg4 25. b4 Rc8 26. b5 (26. Rd1 $17 {was worth a try.}) 26... a5 27. b6 (27. Rd1 $17 {keeps fighting.}) 27... Qd7 (27... Qe4 $19 {and Black stays clearly on top.} 28. Rd1 Qxd3 29. Rxd3 Rc5) 28. Rb5 $17 a4 29. Ra5 Ra8 30. Rb5 ({White should try} 30. Ra7) 30... Rec8 31. Rb4 Rc5 32. Ne1 $2 (32. Ne2 {is a better defense.}) 32... Rac8 $19 33. Ne2 Bxc3 34. Nxc3 Rxc3 35. Qd4 (35. Qd2 {was necessary.}) 35... Rc1 36. Kf1 Qc6 37. Ke2 Qc3 (37... Rc4 $142 38. Rxc4 dxc4) 38. Nd3 $2 (38. Qxc3 R8xc3 39. Rxa4) 38... Rc2+ {[%cal Bc1c2,Bc2a2,Ba2d2,Bd2d3][%mdl 32] Black is clearly winning.} 39. Kf3 Qxd4 40. Rxd4 Rxa2 41. Rxd5 Ra8 {[#] Against Ra5. Hoping for ...Rd2.} 42. Rd7 Rd2 {Threatens to win with ...a3.} 43. e4 a3 {( -> ...a2)} 44. Ke3 {[#]} Rxd3+ $1 {[%mdl 512] Weighted Error Value: White=0.65/Black=0.31} 0-1

[Event "Portuguese Team Blitz-ch 2022"]
[Site "Viseu"]
[Date "2022.06.12"]
[Round "5.5"]
[White "Santos, Jose Guilherme B Lim"]
[Black "Castro, Rodrigo Guedes S F"]
[Result "1-0"]
[ECO "B80"]
[WhiteElo "2365"]
[BlackElo "1440"]
[Annotator "TA"]
[PlyCount "91"]
[EventDate "2022.06.12"]
[EventType "team-tourn"]
[EventCountry "POR"]
[SourceTitle "playchess.com"]
[Source "ChessBase"]
[SourceQuality "1"]
[TimeControl "180+2"]

1. e4 c5 2. Nf3 e6 3. d4 cxd4 4. Nxd4 Nf6 5. Nc3 d6 6. Be3 a6 7. Be2 Be7 8. g4 h6 {B84: Sicilian Scheveningen: 6 Be2 a6, lines without early Be3.} 9. h4 Nc6 10. Rg1 {White is more active.} d5 {White is slightly better.} 11. exd5 Nxd5 12. Nxd5 {[#]} exd5 $146 ({Predecessor:} 12... Qxd5 13. g5 hxg5 14. hxg5 e5 15. Bf3 Qa5+ 16. Bd2 Nb4 17. Nb3 Qc7 18. Be4 Rh4 {0-1 (40) Petrovic,V (2385)-Cebalo,M (2460) Pula 1983}) 13. g5 hxg5 14. hxg5 g6 15. Qd2 (15. Nxc6 $16 bxc6 16. Qd4) 15... Rh4 16. Nf3 Rh7 17. O-O-O Be6 18. Nd4 Nxd4 $1 19. Qxd4 {Threatens to win with Rh1.} Qd7 (19... Qa5 $14) 20. Bf3 $36 {[%mdl 2048] Keeping Black busy.} O-O-O (20... Rd8 $16) 21. Qa7 (21. Rd3 $1 $18 {[%cal Rd3c3] has better winning chances.} Qd6 22. Rb3 (22. Rc3+ Kd7 $16)) 21... Qc7 (21... Qc6 $16) 22. Bb6 $1 $18 Qf4+ 23. Kb1 $1 Qxf3 24. Qa8+ Kd7 25. Qxb7+ Ke8 {And now ...Rc8 would win.} 26. Bxd8 {Really sharp!} Bxd8 {[#]} (26... Kxd8 $142 27. Qb8+ Kd7) 27. Qxa6 $2 {[#]} ({White has to play} 27. Rge1 $1 $18 {Strongly threatening Rxd5.} Kf8 28. Qa8) 27... Bxg5 $1 28. Rde1 $15 Be7 (28... Qf5 $5 ) 29. Qc6+ (29. Rxg6 $11 {keeps the balance.} fxg6 30. Qxe6) 29... Kf8 $17 30. a4 Kg7 (30... Qxf2 $2 31. Rgf1 Qc5 32. Qxe6 $18) 31. Qc7 Qf6 {White must now prevent ...Rh4.} 32. a5 $2 (32. Rh1 $17 Rxh1 33. Rxh1) 32... Bb4 33. Ref1 (33. a6 $142 Bxe1 34. Rxe1) 33... Rh8 $19 34. Qb6 Be7 35. a6 (35. Re1 $142 Rh4 36. Rxe6 fxe6 37. Qc7) 35... Qf4 (35... d4 $142 {[%cal Oe6a2] Hoping for ...Ba2+!} 36. Ka1 Bf5 37. Qxf6+ Bxf6) 36. a7 Qd6 $2 {[#]} ({Better is} 36... Qa4 $19 {aiming for ...Bf5.} 37. Rd1 Ra8) 37. Qb7 $1 $16 Qd7 $2 (37... d4 $16 {keeps fighting.}) 38. Qb8 $4 (38. a8=Q $18 Rxa8 39. Qxa8) 38... Rxb8 $4 39. axb8=Q $18 Bf5 40. Qb3 Bf6 41. Rh1 Qc7 42. Rc1 d4 43. Qg3 {Inhibits Qd6.} Qb7 (43... Qb6 {might work better.} 44. Qa3 (44. Qh2 Kf8 $16) 44... d3 45. cxd3 Qxf2) 44. Qh2 g5 (44... Kf8 $18 45. Qd6+ Qe7) 45. Qh6+ Kg8 46. Qxf6 {White used his chance.  Weighted Error Value: White=0.71/Black=1.01} 1-0

[Event "Portuguese Team Blitz-ch 2022"]
[Site "Viseu"]
[Date "2022.06.12"]
[Round "5.6"]
[White "Almeida, Joao Pedro Dias"]
[Black "Santos, Antonio P"]
[Result "1/2-1/2"]
[ECO "A46"]
[WhiteElo "1603"]
[BlackElo "2182"]
[Annotator "TA"]
[PlyCount "70"]
[EventDate "2022.06.12"]
[EventType "team-tourn"]
[EventCountry "POR"]
[SourceTitle "playchess.com"]
[Source "ChessBase"]
[SourceQuality "1"]
[TimeControl "180+2"]

1. d4 Nf6 2. Nf3 d5 3. g3 e6 4. Bg2 c5 5. e3 Nc6 6. O-O Be7 7. b3 O-O 8. Bb2 b6 9. c4 Bb7 10. cxd5 exd5 11. dxc5 bxc5 12. Nc3 Qd7 {[%emt 0:00:20] D30: Queen's Gambit Declined: Systems without Nc3.} 13. Qe2 Rfd8 14. Rfd1 Nb4 {[%emt 0:00:34] [#]} (14... Rac8 $11) 15. Ne5 $146 ({Predecessor:} 15. a3 Ba6 16. Qd2 Nd3 17. Ne1 Nxb2 18. Qxb2 Bb7 19. b4 c4 20. Rd2 Qf5 21. Qc2 Qxc2 22. Nxc2 {1-0 (43) Nguyen,V-Trinh,B Ho Chi Minh City 2001}) 15... Qe6 16. Nb5 (16. a3 $1 $14 Na6 17. Nd3) 16... Ba6 17. a3 Nc6 18. Nxc6 Qxc6 19. a4 Rab8 20. Nxa7 Qb6 21. Nb5 $1 Bxb5 22. axb5 ({But not} 22. Qxb5 Qe6 23. Qe2 (23. Qd3 c4 $14) 23... Rxb3 $14) 22... Qxb5 23. Qxb5 Rxb5 {[%emt 0:00:00] [#]} 24. Ra7 $1 Kf8 25. Bxf6 Bxf6 26. Bxd5 Be7 27. Bf3 {[%emt 0:00:17] Hoping for Rxd8+. White is more active.} Rxb3 {[%emt 0:00:34] [#]} 28. Rxd8+ $1 Bxd8 {[%emt 0:00:01][%mdl 4096] Endgame KRB-KRB} 29. Rd7 (29. Bd5 $16 Rd3 30. Bxf7 (30. Rxf7+ Ke8 $16)) 29... Be7 30. Rc7 {[%emt 0:00:04] Strongly threatening Rc8+.} g6 31. Rc8+ Kg7 32. Rc7 Kf6 (32... Kf8 $11) 33. Rc6+ (33. Bd5 $1 $14 Rb5 34. e4) 33... Kg7 34. Rc7 Kf6 35. Rc6+ (35. Bd5 $14 Rb5 36. e4) 35... Kg7 {[%emt 0:00:00] Weighted Error Value: White=0.18 (very precise) /Black=0.23 (precise)} 1/2-1/2

[Event "Portuguese Team Blitz-ch 2022"]
[Site "Viseu"]
[Date "2022.06.12"]
[Round "5.7"]
[White "Bartolo, Filipe Diogo Correia"]
[Black "Veleirinho, Tomas Carvalho"]
[Result "1-0"]
[ECO "A06"]
[WhiteElo "1811"]
[BlackElo "1649"]
[Annotator "NA RC COMBH"]
[PlyCount "65"]
[EventDate "2022.06.12"]
[EventType "team-tourn"]
[EventCountry "POR"]
[SourceTitle "playchess.com"]
[Source "ChessBase"]
[SourceQuality "1"]
[TimeControl "180+2"]

1. Nf3 d5 2. g3 e6 3. Bg2 Nf6 4. O-O Be7 5. d3 O-O 6. Nbd2 c5 7. e4 b6 8. e5 Nfd7 9. Re1 Bb7 10. Nf1 d4 11. g4 Nc6 12. Bf4 h6 13. Ng3 Rb8 14. Qe2 Qc7 15. h4 Bc8 16. g5 hxg5 17. Nxg5 Bxg5 18. hxg5 g6 19. Bf3 Kg7 20. Kg2 Rh8 21. Rh1 Bb7 22. Rag1 Ne7 23. Bxb7 Qxb7+ 24. Ne4 Nf5 25. Kf1 Rxh1 26. Rxh1 Rh8 27. Rxh8 Kxh8 28. Qf3 Kg7 29. Qh3 Qc8 30. Nf6 Nxf6 31. exf6+ Kg8 32. Qf3 Qb8 33. Bxb8 1-0